 Dungeon Crawl Stone Soup version 0.24-a0-451-g263dff2034 (webtiles) character file.

Game seed: 17222980080443853872

13726 Peloso the Carver (level 11, -26/97 HPs)
             Began as a Minotaur Fighter on June 26, 2019.
             Was a High Priest of Okawaru.
             Annihilated by a white ugly thing (35 damage)
             ... on level 11 of the Dungeon.
             The game lasted 00:27:47 (12221 turns).

Peloso the Carver (Minotaur Fighter)               Turns: 12221, Time: 00:27:47

Health: -26/97     AC: 15    Str: 23    XL:     11   Next: 79%
Magic:  0/10       EV: 13    Int:  5    God:    Okawaru [*****.]
Gold:   919        SH: 19    Dex: 11    Spells: 10/10 levels left

rFire    . . .     SeeInvis +   b - +5 scimitar
rCold    . . .     Gourm    .   c - +1 shield
rNeg     . . .     Faith    .   K - +0 chain mail
rPois    .         Spirit   +   (helmet restricted)
rElec    .         Reflect  +   C - scarf {Spirit}
rCorr    .         Harm     .   (no gloves)
MR       .....     Rnd*Tele +   B - +0 pair of boots
Stlth    ..........             U - +4 amulet of reflection
HPRegen  0.26/turn              h - ring of teleportation (curse)
MPRegen  0.12/turn              j - ring of see invisible

@: heroism
A: retaliatory headbutt, horns 2
a: Heroism, Finesse, Renounce Religion


You were on level 11 of the Dungeon.
You worshipped Okawaru.
Okawaru was extremely pleased with you.
You were near starving.

You visited 2 branches of the dungeon, and saw 13 of its levels.
You also visited: Ossuary.

You collected 949 gold pieces.
You spent 30 gold pieces at shops.

Inventory:

Hand Weapons
 a - a +2 long sword of freezing
 b - a +5 scimitar (weapon)
Missiles
 l - 35 poisoned darts (quivered)
Armour
 c - a +1 shield (worn)
 B - a +0 pair of boots (worn)
 C - a scarf of spirit shield (worn)
 K - a +0 chain mail (worn)
Jewellery
 g - a +4 ring of evasion
 h - a cursed ring of teleportation (left hand)
 i - a +5 ring of evasion
 j - a ring of see invisible (right hand)
 m - an uncursed ring of positive energy
 v - an uncursed ring of magical power
 H - an uncursed ring of flight
 N - an uncursed ring of wizardry
 Q - an uncursed ring of fire
 S - an uncursed ring of ice
 U - a +4 amulet of reflection (around neck)
Wands
 A - a wand of enslavement (1)
 D - a wand of polymorph (7)
 G - a wand of digging (5)
 J - a wand of disintegration (27)
 M - a wand of iceblast (3)
Scrolls
 r - 4 scrolls of blinking
 x - 4 scrolls of remove curse
 y - a scroll of fear
 E - a scroll of enchant weapon
 F - a scroll of fog
 I - 2 scrolls of magic mapping
 L - 2 scrolls of amnesia
 P - 2 scrolls of brand weapon
 T - a scroll of identify
Potions
 d - 3 potions of might
 k - 5 potions of cancellation
 n - 2 potions of resistance
 o - a potion of magic
 p - 2 potions of haste
 q - a potion of ambrosia
 s - 5 potions of mutation
 t - 6 potions of curing
 u - 4 potions of brilliance
 w - 3 potions of heal wounds
 z - 2 potions of invisibility
Miscellaneous
 R - a phantom mirror
Comestibles
 f - 22 rations


   Skills:
 + Level 9.5(14.5) Fighting
 + Level 13.7(18.7) Long Blades
 + Level 10.9(15.9) Armour
 + Level 4.8(9.8) Dodging
 + Level 1.6(6.6) Stealth
 + Level 10.7(15.7) Shields
 + Level 1.2 Invocations


You had 10 spell levels left.
You didn't know any spells.
Your spell library was empty.

Dungeon Overview and Level Annotations

Branches:
Dungeon (12/15)            Temple (1/1) D:5            Lair (0/6) D:10
    Orc (0/2) D:9

Altars:
Cheibriados
Dithmenos
Elyvilon
Fedhas
Gozag
Hepliaklqana
Kikubaaqudgha
Makhleb
Nemelex Xobeh
Okawaru
Qazlal
Ru
Sif Muna
Trog
Uskayaw
Vehumet
Wu Jian
Xom
Zin
The Shining One

Shops:
D:6 }}   D:7 :*}


Innate Abilities, Weirdness & Mutations

You reflexively headbutt those who attack you in melee.
You have a pair of horns on your head.


Message History

You feel much better.
You block the white ugly thing's attack.
You gain the combat prowess of a mighty hero.
The white ugly thing bites you. The white ugly thing freezes you!!
* * * LOW HITPOINT WARNING * * *
You slice the white ugly thing!!
The white ugly thing is heavily wounded.
You block the white ugly thing's attack.
You barely miss the white ugly thing.
Your headbutt misses the white ugly thing.
The white ugly thing is heavily wounded.
The white ugly thing bites you but does no damage.
You slash the white ugly thing! You headbutt the white ugly thing.
The white ugly thing is severely wounded.
You hit the white ugly thing. You headbutt the white ugly thing.
The white ugly thing is almost dead.
The white ugly thing bites you.
* * * LOW HITPOINT WARNING * * *
The white ugly thing freezes you!!
You die...

##..# #.##..#.# #....... ##...##
#.###.#.# ######.# #.....#
#.......# #.# ##...## #####.###
##'# # ##.## #รท# ##.). ## ###.#
#.## ##.... .## ##.#.# #..##
##.....
..####....##########...####......
..')[..........u@.........'......
..####>..#.#########.!.####......
.## ##>#.## #..## ##..... ##
###.# #.## ##.... # #.# ###.#
##... ####### #.# #...# ##'#
......# #.# #.### #.# ###.#.# #.#
#.# #.# ###.#.# #.# #.# ##.#


You could see a white ugly thing.

Vanquished Creatures
  Josephine (D:11)
  Fannar (D:11)
  3 two-headed ogres
  Urug (D:11)
  An ugly thing (D:11)
  2 cyclopes (D:12)
  A centaur skeleton (D:11)
  3 trolls
  A hornet (D:10)
  A slime creature (D:12)
  A hippogriff (D:8)
  A vampire (D:12)
  A shadow (D:12)
  4 yaks (D:11)
  5 wraiths (D:11)
  2 wyverns (D:10)
  A basilisk (D:10)
  2 steam dragons
  An acid dragon (D:11)
  An ice beast (D:7)
  2 phantoms (D:5)
  2 necrophages (D:8)
  An orc warrior (D:8)
  4 black bears
  2 eyes of draining (D:3)
  A sky beast (D:8)
  8 ogres
  A centaur (D:11)
  8 bullfrogs
  2 crocodiles
  A water moccasin skeleton (D:7)
  3 scorpions
  4 killer bees (D:12)
  13 wights
  2 howler monkeys
  3 crimson imps
  A bullfrog zombie (D:6)
  A quasit (D:10)
  A human zombie (D:7)
  5 jellies
  2 orc priests (D:9)
  4 hounds
  2 orc wizards
  A bullfrog skeleton (D:12)
  5 iguanas
  11 worker ants
  Ijyb (D:4)
  A killer bee zombie (D:8)
  A big kobold zombie (Ossuary)
  A hound zombie (D:6)
  A hound skeleton (D:4)
  8 mummies (Ossuary)
  A howler monkey skeleton (D:11)
  8 adders
  A shadow imp (D:6)
  2 oozes
  An adder skeleton (D:8)
  3 adder zombies
  2 worms
  4 dart slugs
  6 leopard geckos
  18 orcs
  11 bats
  6 giant cockroaches
  11 goblins
  11 hobgoblins
  14 jackals
  4 quokkas
  7 frilled lizards
  2 gnoll zombies (Ossuary)
  2 hobgoblin zombies (Ossuary)
  A jackal skeleton (D:3)
  A jackal zombie (D:8)
  11 kobolds
  A kobold zombie (Ossuary)
  2 orc zombies (Ossuary)
  A quokka skeleton (D:7)
  6 rats
274 creatures vanquished.

Notes
Turn   | Place    | Note
-------+----------+-------------------------------------------
     0 | D:1      | Peloso the Minotaur Fighter began the quest for the Orb.
     0 | D:1      | Reached XP level 1. HP: 19/19 MP: 0/0
    50 | D:1      | Reached XP level 2. HP: 25/27 MP: 1/1
   339 | D:1      | You fall into a shaft and drop 1 floor!
   388 | D:2      | Reached XP level 3. HP: 31/33 MP: 2/2
   516 | D:1      | Reached skill level 3 in Long Blades
  1010 | D:2      | Found a shadowy altar of Dithmenos.
  1127 | D:2      | Reached skill level 1 in Dodging
  1127 | D:2      | Reached XP level 4. HP: 38/40 MP: 3/3
  1370 | D:3      | Found a faded altar of an unknown god.
  1519 | D:3      | Found a hazy altar of Hepliaklqana.
  1520 | D:3      | Found a shimmering altar of Xom.
  1520 | D:3      | Noticed a yak
  1521 | D:3      | Noticed a yak
  1521 | D:3      | Noticed a spectral ugly thing
  1612 | D:3      | Reached skill level 4 in Long Blades
  1771 | D:3      | Found a burning altar of Makhleb.
  1771 | D:3      | Noticed an Executioner
  1778 | D:3      | Reached XP level 5. HP: 46/46 MP: 4/4
  1818 | D:3      | Found a bloodstained altar of Trog.
  1818 | D:3      | Noticed an eye of draining
  1819 | D:3      | Noticed an eye of draining
  1833 | D:3      | Killed an eye of draining
  1847 | D:3      | Killed an eye of draining
  1847 | D:3      | Reached skill level 5 in Long Blades
  1847 | D:3      | Reached skill level 5 in Shields
  1847 | D:3      | Reached XP level 6. HP: 53/53 MP: 0/5
  2348 | D:4      | Reached skill level 6 in Long Blades
  2348 | D:4      | Reached XP level 7. HP: 32/60 MP: 6/6
  2512 | D:4      | Found a sacrificial altar of Ru.
  2521 | D:4      | You fall into a shaft and drop 3 floors!
  2525 | D:7      | Found a stormy altar of Qazlal.
  2525 | D:7      | Found Ysuedoud's Book Shop.
  2541 | D:7      | Found Beuhum's General Store.
  2553 | D:7      | Found a sand-covered staircase.
  2566 | D:7      | Reached skill level 5 in Armour
  2572 | D:7      | Bought a scroll of identify for 30 gold pieces
  2577 | Ossuary  | Entered an ossuary
  3223 | D:7      | Reached skill level 7 in Long Blades
  3266 | D:7      | Found Viothruf's Gadget Shoppe.
  3317 | D:6      | Reached skill level 5 in Fighting
  3677 | D:6      | Reached XP level 8. HP: 68/68 MP: 7/7
  3993 | D:6      | Reached skill level 8 in Long Blades
  4264 | D:6      | Found Kux Fatseb's Gadget Shoppe.
  4381 | D:6      | Found Qunwuoh's Gadget Emporium.
  4738 | D:5      | Entered Level 5 of the Dungeon
  5128 | D:5      | Found a staircase to the Ecumenical Temple.
  5222 | Temple   | Entered the Ecumenical Temple
  5316 | Temple   | Became a worshipper of Warmaster Okawaru
  5371 | D:5      | Found a sparkling altar of Nemelex Xobeh.
  5708 | D:5      | Reached skill level 9 in Long Blades
  5832 | D:4      | Reached skill level 1 in Stealth
  5900 | D:4      | Found an ancient bone altar of Kikubaaqudgha.
  5900 | D:4      | Found a radiant altar of Vehumet.
  5901 | D:4      | Found a hide-covered altar of Uskayaw.
  5915 | D:4      | Found a white marble altar of Elyvilon.
  5942 | D:4      | Noticed Ijyb
  5956 | D:4      | Killed Ijyb
  6025 | D:4      | Found a burning altar of Makhleb.
  6263 | D:7      | Reached XP level 9. HP: 68/75 MP: 6/8
  6585 | D:7      | Reached * piety under Okawaru
  6669 | D:7      | Noticed a skeletal warrior
  6766 | D:8      | Found a blossoming altar of Fedhas.
  6950 | D:8      | Reached skill level 10 in Long Blades
  7323 | D:8      | Found a sparkling altar of Nemelex Xobeh.
  7352 | D:8      | Got a transparent short sword
  7353 | D:8      | Identified the cursed +1 short sword of Somewhere Else
                  | {holy, rN+ Int+4} (You found it on level 8 of the Dungeon)
  7470 | D:9      | Reached ** piety under Okawaru
  7602 | D:9      | Found a staircase to the Orcish Mines.
  7604 | D:9      | Noticed a two-headed ogre
  7627 | D:9      | Killed a two-headed ogre
  7627 | D:9      | Reached XP level 10. HP: 71/86 MP: 9/9
  7752 | D:9      | Reached skill level 11 in Long Blades
  8078 | D:9      | Found a glowing silver altar of Zin.
  8079 | D:9      | Found an opulent altar of Gozag.
  8243 | D:10     | Entered Level 10 of the Dungeon
  8384 | D:10     | Reached *** piety under Okawaru
  9262 | D:10     | Reached skill level 12 in Long Blades
  9278 | D:10     | Found a staircase to the Lair.
  9418 | D:11     | Noticed Fannar
  9428 | D:11     | HP: 3/88 [acid (12)]
 10197 | D:11     | Noticed a two-headed ogre
 10204 | D:11     | Killed a two-headed ogre
 10312 | D:11     | Noticed Urug
 10343 | D:11     | Killed Urug
 10343 | D:11     | Reached **** piety under Okawaru
 10343 | D:11     | Reached skill level 10 in Armour
 10343 | D:11     | Reached XP level 11. HP: 93/95 MP: 10/10
 10377 | D:11     | Noticed a two-headed ogre
 10385 | D:11     | Killed a two-headed ogre
 10526 | D:11     | Noticed a green ugly thing
 10535 | D:11     | Killed a green ugly thing
 10535 | D:11     | Reached ***** piety under Okawaru
 10535 | D:11     | Reached skill level 10 in Shields
 10573 | D:11     | Killed Fannar
 10780 | D:11     | Noticed Josephine
 10789 | D:11     | Reached skill level 1 in Invocations
 10801 | D:11     | Killed Josephine
 10801 | D:11     | Received a gift from Okawaru
 10801 | D:11     | Reached skill level 13 in Long Blades
 12019 | D:12     | HP: 3/97 [enormous slime creature (62)]
 12175 | D:12     | Noticed a white ugly thing
 12221 | D:11     | Annihilated by a white ugly thing

Levels and vault maps discovered:
D:1:      saegor_arrival_simple_d, layout_loops_ring
D:2:      layout_basic, old_standard_altar
D:3:      layout_basic, regret_index_temple_of_mockery, trog_eyes_of_draining,
          chequers_ecumenical_altar_twisty, makhleb_altar_promises_db
D:4:      layout_cave_pools, kennysheep_mini_moat,
          nicolae_overflow_quartered_altars, first_ration,
          chequers_serial_rivers_marsh, nicolae_ru_awakened_eye, uniq_ijyb
D:5:      layout_loops_corners, minmay_temple_entry_poolview, basic_altar
D:6:      layout_basic, serial_shops, shop, nicolae_shop_behind_doors
D:7:      minmay_klotski, layout_basic, basic_altar, serial_shops, shop_statue,
          shop, shop, enter_ossuary_3
D:8:      layout_basic, nemelex_xobeh_ov_fountains_minmay, kennysheep_little_box
D:9:      layout_small_grid, grunt_temple_overflow_gold_and_silver, orc_0_dummy,
          grunt_ogre_cave, minmay_orc_keep
D:10:     layout_basic, erik_lair_dragon
D:11:     layout_loops_corners, uniq_josephine, uniq_urug, uniq_fannar
D:12:     layout_basic
Temple:   nicolae_temple_figure_zero

Skill      XL: |  1  2  3  4  5  6  7  8  9 10 11 |
---------------+----------------------------------+-----
Armour         | 4 5 6 8 10 | 10.9
Fighting       | 4 5 6 7 8 9 |  9.5
Shields        | 4 5 6 7 8 9 10 | 10.7
Long Blades    | 3 4 5 6 7 9 10 12 13 | 13.7
Dodging        | 1 2 3 4 |  4.8
Stealth        | 1 |  1.6
Invocations    | 1 |  1.2

Action                   |  1- 3 |  4- 6 |  7- 9 | 10-12 || total
-------------------------+-------+-------+-------+-------++-------
Melee: Long sword        |   110 |   110 |   365 |    29 ||   614
       Headbutt          |    19 |    27 |   114 |    74 ||   234
       Falchion          |       |       |    59 |       ||    59
       Scimitar          |       |       |       |   261 ||   261
Invok: Heroism           |       |       |     1 |     7 ||     8
  Use: Scroll            |       |       |    23 |     8 ||    31
       Potion            |       |       |     1 |     2 ||     3
  Eat: Chunk             |       |     5 |    10 |    10 ||    25
       Ration            |       |       |     2 |     1 ||     3
Armor: Scale mail        |    72 |    43 |    44 |       ||   159
       Chain mail        |       |       |    46 |    59 ||   105
Dodge: Dodged            |    39 |    44 |    94 |    88 ||   265
Block: Shield            |    61 |    51 |   204 |   170 ||   486
       Rpst.: Long sword |     9 |     9 |    13 |     1 ||    32
       Falchion          |       |       |     4 |       ||     4
       Scimitar          |       |       |       |    19 ||    19

Table legend:
 A = Non-vault XP
 B = Vault XP
 C = Vault XP percentage of total XP
 D = Non-vault monster count
 E = Vault monster count
 F = Vault count percentage of total count
                 A         B        C        D         E       F
            +---------+---------+-------+---------+---------+-------
      Total |   13843 |    5766 |  29.4 |     226 |      48 |  17.5
            +---------+---------+-------+---------+---------+-------
        D:1 |      56 |       0 |   0.0 |      27 |       0 |   0.0
        D:2 |      52 |       0 |   0.0 |      20 |       0 |   0.0
        D:3 |      97 |     260 |  72.8 |      35 |       4 |  10.3
        D:4 |     568 |      33 |   5.5 |      12 |       1 |   7.7
        D:5 |     552 |       0 |   0.0 |      14 |       0 |   0.0
        D:6 |     765 |       0 |   0.0 |      19 |       0 |   0.0
        D:7 |     603 |     136 |  18.4 |      10 |       3 |  23.1
        D:8 |    1400 |     130 |   8.5 |      27 |       1 |   3.6
        D:9 |    2065 |     258 |  11.1 |      15 |      10 |  40.0
       D:10 |    1183 |     848 |  41.8 |      13 |       5 |  27.8
       D:11 |    4312 |    3924 |  47.6 |      20 |       8 |  28.6
       D:12 |    2190 |       0 |   0.0 |      14 |       0 |   0.0
    Ossuary |       0 |     177 | 100.0 |       0 |      16 | 100.0
            +---------+---------+-------+---------+---------+-------
